[ AOE2 MATCH · #479166301 ]
Team RMHuns vs Burmese
[ REPLAY ANALYSIS · EXTRACTED FROM THE RECORDED GAME ]
Feudal
—
Castle
—
Imperial
—
| APM avg | 40.4 |
| APM peak | 149 |
| eAPM avg | 22.8 |
| Villagers / military | 96 / 80 |
Focus
⚔️ 6.4% · 🌾 93.6%
Tarkan ×48 · Cavalry Archer ×21 · Trade Cart ×10 · Scout Cavalry ×7 · Knight ×4
Feudal
—
Castle
—
Imperial
—
| APM avg | 24.5 |
| APM peak | 51 |
| eAPM avg | 11.0 |
| Villagers / military | 126 / 63 |
Focus
⚔️ 15.6% · 🌾 84.4%
Arambai ×52 · Battering Ram ×6 · Trebuchet (Packed) ×2 · Monk ×1 · Knight ×1 · Mangonel ×1
Feudal
—
Castle
—
Imperial
—
| APM avg | 45.3 |
| APM peak | 117 |
| eAPM avg | 20.0 |
| Villagers / military | 66 / 71 |
Focus
⚔️ 47.1% · 🌾 52.9%
Archer ×50 · Shotel Warrior ×10 · Spearman ×4 · Monk ×3 · Mangonel ×2 · Trade Cart ×1
Feudal
—
Castle
—
Imperial
—
| APM avg | 25.7 |
| APM peak | 119 |
| eAPM avg | 23.0 |
| Villagers / military | 140 / 71 |
Focus
⚔️ 10.5% · 🌾 89.5%
Spearman ×46 · Hand Cannoneer ×16 · Trade Cart ×15 · Bombard Cannon ×7 · Monk ×2
Match map
Initial resources + every placement click. Lines = walls · curves = elevation contours. ◆ gold · ⬟ stone · ● berries · ✦ relic · ◌ wall gap
Your base· Open — opponent sealed themselves in
jimbo's base· ✓ Closed at 12:20 · 0t walls · no gate
pepe's base· Open — opponent sealed themselves in
jimothius's base· ✓ Closed at 16:03 · 14t walls · 1 gate(s)
Smoothed initial terrain · ◌ = detected wall gap · hover for details
Inputs per minute
— rexsana1 - - jimbo
Build order — rexsana1
First 150 of 195 actions detected
| 0:04 | Research | Loom |
| 0:30 | Create | Villager (Male) ×4 |
| 0:31 | Create | Villager (Male) ×4 |
| 1:59 | Create | Villager (Male) |
| 2:00 | Create | Villager (Male) |
| 3:18 | Create | Villager (Male) ×2 |
| 3:18 | Create | Villager (Male) ×2 |
| 3:30 | Create | Villager (Male) |
| 3:31 | Create | Villager (Male) |
| 4:02 | Create | Villager (Male) |
| 4:03 | Create | Villager (Male) |
| 4:11 | Create | Villager (Male) |
| 4:11 | Create | Villager (Male) |
| 4:58 | Build | Mill |
| 5:32 | Create | Villager (Male) |
| 5:32 | Create | Villager (Male) |
| 5:32 | Create | Villager (Male) |
| 5:32 | Create | Villager (Male) |
| 5:33 | Create | Villager (Male) |
| 5:35 | Create | Villager (Male) |
| 5:35 | Create | Villager (Male) |
| 5:35 | Create | Villager (Male) |
| 5:52 | Create | Villager (Male) |
| 5:52 | Create | Villager (Male) |
| 6:12 | Create | Villager (Male) |
| 6:12 | Create | Villager (Male) |
| 6:24 | Create | Villager (Male) |
| 6:24 | Create | Villager (Male) |
| 6:52 | Create | Villager (Male) |
| 6:52 | Create | Villager (Male) |
| 6:52 | Create | Villager (Male) |
| 7:07 | Build | Lumber Camp |
| 7:12 | Create | Villager (Male) ×2 |
| 7:12 | Create | Villager (Male) ×2 |
| 7:22 | Create | Villager (Male) |
| 8:02 | Create | Villager (Male) ×3 |
| 9:20 | Build | Farm |
| 9:46 | Build | Farm |
| 10:08 | Research | Feudal Age |
| 10:11 | Build | Farm |
| 10:31 | Build | Barracks |
| 10:53 | Create | Villager (Male) |
| 11:08 | Build | Mining Camp |
| 11:15 | Create | Villager (Male) |
| 11:38 | Build | Palisade Wall |
| 11:41 | Build | Palisade Wall |
| 11:48 | Create | Villager (Male) |
| 11:58 | Build | Lumber Camp |
| 12:22 | Research | Double-Bit Axe |
| 12:24 | Research | Horse Collar |
| 12:25 | Research | Gold Mining |
| 12:51 | Build | Farm |
| 13:04 | Create | Villager (Male) |
| 13:04 | Create | Villager (Male) |
| 13:20 | Build | Stable |
| 13:27 | Build | Farm |
| 13:43 | Build | Farm |
| 14:00 | Build | Market |
| 14:04 | Build | Farm |
| 14:06 | Create | Villager (Male) |
| 14:18 | Create | Villager (Male) |
| 14:19 | Create | Villager (Male) |
| 14:33 | Build | Farm |
| 14:58 | Build | Blacksmith |
| 15:07 | Build | Farm |
| 15:09 | Create | Villager (Male) |
| 15:27 | Build | Lumber Camp |
| 15:31 | Create | Villager (Male) |
| 15:31 | Create | Villager (Male) |
| 15:38 | Build | Farm |
| 15:43 | Create | Villager (Male) |
| 15:57 | Build | Stable |
| 16:03 | Build | Farm |
| 16:06 | Create | Villager (Male) |
| 16:38 | Build | Farm |
| 16:54 | Create | Scout Cavalry |
| 17:00 | Build | Mining Camp |
| 17:08 | Build | Farm |
| 17:19 | Build | Farm |
| 17:21 | Create | Villager (Male) |
| 17:44 | Research | Bloodlines |
| 17:55 | Research | Scale Barding Armor |
| 18:17 | Build | Farm |
| 18:20 | Create | Villager (Male) |
| 18:20 | Create | Villager (Male) |
| 18:27 | Create | Scout Cavalry |
| 18:28 | Create | Scout Cavalry |
| 18:49 | Build | Farm |
| 19:04 | Research | Wheelbarrow |
| 19:14 | Build | Farm |
| 19:32 | Create | Scout Cavalry |
| 19:32 | Create | Scout Cavalry |
| 19:33 | Create | Scout Cavalry |
| 20:19 | Research | Stone Mining |
| 20:26 | Create | Villager (Male) |
| 20:29 | Research | Town Watch |
| 20:54 | Create | Trade Cart |
| 20:54 | Create | Trade Cart |
| 20:54 | Create | Trade Cart |
| 20:59 | Create | Trade Cart |
| 21:00 | Create | Trade Cart |
| 21:00 | Create | Trade Cart |
| 21:00 | Create | Trade Cart |
| 21:14 | Research | Forging |
| 21:17 | Create | Villager (Male) |
| 21:18 | Create | Villager (Male) |
| 21:18 | Create | Villager (Male) |
| 21:18 | Create | Villager (Male) |
| 21:39 | Create | Scout Cavalry |
| 23:15 | Research | Castle Age |
| 24:58 | Create | Villager (Male) |
| 24:58 | Create | Villager (Male) |
| 24:59 | Create | Villager (Male) |
| 25:21 | Create | Trade Cart |
| 25:21 | Create | Trade Cart |
| 25:22 | Create | Trade Cart |
| 26:05 | Build | Archery Range |
| 27:10 | Build | Castle |
| 27:14 | Research | Bow Saw |
| 27:16 | Research | Heavy Plow |
| 27:17 | Research | Gold Shaft Mining |
| 27:49 | Build | Town Center |
| 27:58 | Build | Farm |
| 28:00 | Build | Farm |
| 28:02 | Build | Farm |
| 28:07 | Build | Archery Range |
| 28:12 | Build | University |
| 28:21 | Create | Villager (Male) |
| 28:21 | Create | Villager (Male) |
| 28:22 | Create | Villager (Male) |
| 28:37 | Build | Lumber Camp |
| 28:44 | Create | Villager (Male) |
| 28:45 | Create | Villager (Male) |
| 28:53 | Research | Chain Barding Armor |
| 28:54 | Research | Iron Casting |
| 28:58 | Create | Cavalry Archer |
| 28:59 | Create | Cavalry Archer |
| 28:59 | Create | Cavalry Archer |
| 28:59 | Create | Cavalry Archer |
| 28:59 | Create | Cavalry Archer |
| 29:00 | Create | Cavalry Archer |
| 29:28 | Build | Castle |
| 29:38 | Create | Villager (Male) |
| 29:57 | Build | Town Center |
| 30:03 | Build | Farm |
| 30:10 | Create | Villager (Male) |
| 30:10 | Create | Villager (Male) |
| 30:15 | Build | Mining Camp |
| 30:32 | Research | Husbandry |
| 30:37 | Create | Knight |
Build order — jimbo
First 150 of 241 actions detected
| 0:01 | Create | Villager (Male) |
| 0:01 | Create | Villager (Male) |
| 0:02 | Create | Villager (Male) |
| 0:02 | Create | Villager (Male) |
| 0:02 | Create | Villager (Male) |
| 0:04 | Build | House |
| 0:06 | Build | House |
| 1:36 | Create | Villager (Male) |
| 2:08 | Build | Lumber Camp |
| 2:10 | Create | Villager (Male) |
| 2:25 | Create | Villager (Male) |
| 2:49 | Create | Villager (Male) |
| 3:04 | Create | Villager (Male) |
| 3:39 | Create | Villager (Male) |
| 4:02 | Create | Villager (Male) |
| 4:05 | Build | House |
| 4:36 | Create | Villager (Male) |
| 5:00 | Create | Villager (Male) |
| 5:29 | Create | Villager (Male) |
| 5:35 | Build | Mill |
| 5:41 | Build | House |
| 5:54 | Create | Villager (Male) |
| 6:14 | Create | Villager (Male) |
| 6:43 | Create | Villager (Male) |
| 7:10 | Create | Villager (Male) |
| 7:16 | Build | House |
| 7:23 | Create | Villager (Male) |
| 7:52 | Create | Villager (Male) |
| 7:53 | Create | Villager (Male) |
| 8:17 | Build | Mining Camp |
| 8:19 | Create | Villager (Male) |
| 9:18 | Research | Feudal Age |
| 10:18 | Create | Villager (Male) |
| 10:19 | Create | Villager (Male) |
| 11:34 | Build | Market |
| 11:39 | Build | Blacksmith |
| 12:20 | Research | Castle Age |
| 12:40 | Build | Mining Camp |
| 12:47 | Build | Mining Camp |
| 12:53 | Research | Horse Collar |
| 13:11 | Build | Lumber Camp |
| 13:35 | Build | House |
| 13:51 | Create | Villager (Male) |
| 13:52 | Create | Villager (Male) |
| 14:13 | Build | House |
| 15:04 | Build | Town Center |
| 15:13 | Build | Town Center |
| 15:24 | Research | Heavy Plow |
| 15:34 | Create | Villager (Male) |
| 15:35 | Create | Villager (Male) |
| 15:55 | Build | Farm |
| 15:59 | Create | Villager (Male) |
| 16:19 | Build | Farm |
| 16:34 | Create | Villager (Male) |
| 16:34 | Create | Villager (Male) |
| 16:43 | Build | Farm |
| 17:20 | Create | Villager (Male) |
| 17:21 | Create | Villager (Male) |
| 17:22 | Create | Villager (Male) |
| 17:25 | Build | Farm |
| 17:28 | Create | Villager (Male) |
| 17:30 | Create | Villager (Male) |
| 17:31 | Create | Villager (Male) |
| 18:00 | Create | Villager (Male) |
| 18:03 | Build | Farm |
| 18:05 | Build | Farm |
| 18:11 | Create | Villager (Male) |
| 18:16 | Build | Farm |
| 18:22 | Create | Villager (Male) |
| 18:27 | Build | Farm |
| 18:40 | Build | Farm |
| 18:46 | Build | Farm |
| 18:47 | Build | Farm |
| 18:48 | Build | Farm |
| 18:49 | Build | Farm |
| 18:51 | Create | Villager (Male) |
| 18:55 | Build | Farm |
| 19:04 | Build | Farm |
| 19:07 | Create | Villager (Male) |
| 19:12 | Build | University |
| 19:25 | Build | Farm |
| 19:30 | Build | Farm |
| 19:34 | Build | Farm |
| 19:35 | Create | Villager (Male) |
| 19:38 | Create | Villager (Male) |
| 19:48 | Build | Farm |
| 19:55 | Create | Villager (Male) |
| 20:05 | Build | House |
| 20:07 | Build | House |
| 20:08 | Build | House |
| 20:09 | Build | House |
| 20:13 | Create | Villager (Male) |
| 20:28 | Build | Castle |
| 20:44 | Build | Castle |
| 20:48 | Create | Villager (Male) |
| 20:54 | Build | Farm |
| 20:56 | Create | Villager (Male) |
| 20:58 | Build | Farm |
| 21:00 | Create | Villager (Male) |
| 21:00 | Create | Villager (Male) |
| 21:03 | Create | Villager (Male) |
| 21:06 | Research | Gold Mining |
| 21:14 | Build | Barracks |
| 21:16 | Create | Villager (Male) |
| 21:18 | Create | Villager (Male) |
| 21:20 | Create | Villager (Male) |
| 21:30 | Build | Farm |
| 21:36 | Build | Farm |
| 21:44 | Create | Villager (Male) |
| 21:47 | Create | Villager (Male) |
| 21:49 | Create | Villager (Male) |
| 21:54 | Build | Farm |
| 21:59 | Build | Mining Camp |
| 22:02 | Create | Villager (Male) |
| 22:03 | Create | Villager (Male) |
| 22:07 | Build | Town Center |
| 22:08 | Create | Villager (Male) |
| 22:25 | Create | Arambai ×5 |
| 22:33 | Build | Siege Workshop |
| 22:35 | Create | Villager (Male) |
| 22:37 | Create | Villager (Male) |
| 22:39 | Create | Villager (Male) |
| 22:55 | Build | Stable |
| 22:56 | Create | Villager (Male) |
| 23:03 | Build | Farm |
| 23:03 | Build | Farm |
| 23:05 | Create | Villager (Male) |
| 23:07 | Create | Villager (Male) |
| 23:12 | Create | Arambai |
| 23:26 | Create | Villager (Male) |
| 23:39 | Build | Farm |
| 23:42 | Research | Wheelbarrow |
| 23:43 | Research | Loom |
| 23:52 | Create | Arambai ×2 |
| 24:00 | Create | Knight |
| 24:04 | Build | Lumber Camp |
| 24:08 | Create | Villager (Male) |
| 24:10 | Create | Villager (Male) |
| 24:10 | Create | Villager (Male) |
| 24:47 | Create | Battering Ram |
| 24:47 | Create | Battering Ram |
| 24:52 | Build | Farm |
| 24:54 | Build | Farm |
| 24:56 | Create | Villager (Male) |
| 25:13 | Build | Siege Workshop |
| 25:34 | Build | Monastery |
| 25:47 | Build | Outpost |
| 25:51 | Create | Villager (Male) |
| 25:52 | Create | Villager (Male) |
| 25:52 | Create | Villager (Male) |
Build order — pepe
First 150 of 207 actions detected
| 0:02 | Create | Villager (Male) |
| 0:02 | Create | Villager (Male) |
| 0:02 | Create | Villager (Male) |
| 0:04 | Build | House |
| 0:08 | Build | House |
| 0:55 | Create | Villager (Male) |
| 0:56 | Create | Villager (Male) |
| 1:28 | Create | Villager (Male) |
| 1:29 | Create | Villager (Male) |
| 2:03 | Create | Villager (Male) |
| 2:03 | Create | Villager (Male) |
| 2:03 | Create | Villager (Male) |
| 2:12 | Build | Lumber Camp |
| 2:31 | Create | Villager (Male) |
| 2:31 | Create | Villager (Male) |
| 3:00 | Create | Villager (Male) |
| 3:00 | Create | Villager (Male) |
| 3:29 | Create | Villager (Male) |
| 3:29 | Create | Villager (Male) |
| 3:54 | Create | Villager (Male) |
| 3:54 | Create | Villager (Male) |
| 4:20 | Build | House |
| 4:21 | Create | Villager (Male) |
| 4:21 | Create | Villager (Male) |
| 4:22 | Create | Villager (Male) |
| 5:32 | Create | Villager (Male) |
| 5:32 | Create | Villager (Male) |
| 5:33 | Create | Villager (Male) |
| 6:01 | Create | Villager (Male) |
| 6:01 | Create | Villager (Male) |
| 6:58 | Build | House |
| 7:28 | Build | Mill |
| 7:39 | Create | Villager (Male) |
| 8:08 | Create | Villager (Male) |
| 8:09 | Create | Villager (Male) |
| 8:45 | Build | Mining Camp |
| 9:05 | Research | Feudal Age |
| 9:05 | Research | Feudal Age |
| 9:11 | Build | Farm |
| 9:39 | Build | House |
| 11:17 | Create | Villager (Male) |
| 11:28 | Build | Blacksmith |
| 11:55 | Build | Market |
| 12:01 | Create | Villager (Male) |
| 12:35 | Research | Castle Age |
| 14:17 | Build | Mining Camp |
| 15:28 | Research | Loom |
| 15:30 | Create | Villager (Male) |
| 15:30 | Create | Villager (Male) |
| 16:47 | Create | Villager (Male) |
| 16:52 | Create | Villager (Male) |
| 16:57 | Build | House |
| 17:26 | Build | Castle |
| 17:51 | Build | Palisade Gate |
| 18:02 | Build | Barracks |
| 18:07 | Build | House |
| 18:12 | Build | House |
| 18:18 | Build | Palisade Wall |
| 18:31 | Build | House |
| 18:59 | Create | Villager (Male) |
| 19:00 | Create | Villager (Male) |
| 19:08 | Create | Villager (Male) |
| 19:32 | Create | Shotel Warrior |
| 19:33 | Create | Shotel Warrior |
| 19:33 | Create | Shotel Warrior |
| 19:41 | Build | Siege Workshop |
| 20:09 | Create | Mangonel |
| 20:19 | Create | Shotel Warrior |
| 20:24 | Build | Lumber Camp |
| 20:31 | Research | Arson |
| 20:33 | Create | Spearman |
| 20:34 | Create | Spearman |
| 20:39 | Create | Shotel Warrior |
| 21:04 | Create | Villager (Male) |
| 21:04 | Create | Villager (Male) |
| 21:05 | Create | Villager (Male) |
| 21:32 | Build | Farm |
| 21:33 | Build | Farm |
| 21:34 | Create | Villager (Male) |
| 21:44 | Create | Spearman |
| 21:45 | Create | Spearman |
| 22:32 | Create | Battering Ram |
| 22:51 | Build | Farm |
| 22:58 | Create | Villager (Male) |
| 22:59 | Create | Villager (Male) |
| 22:59 | Create | Villager (Male) |
| 23:26 | Build | Farm |
| 23:33 | Build | Farm |
| 23:35 | Build | Farm |
| 23:36 | Build | Farm |
| 23:37 | Build | Farm |
| 23:39 | Build | Farm |
| 23:52 | Build | Farm |
| 24:28 | Build | Monastery |
| 25:36 | Create | Monk |
| 27:25 | Research | Imperial Age |
| 28:51 | Create | Trade Cart |
| 29:12 | Build | Monastery |
| 29:30 | Build | Mining Camp |
| 29:41 | Build | Archery Range |
| 29:48 | Build | University |
| 30:10 | Create | Monk |
| 30:27 | Create | Monk |
| 30:41 | Create | Trebuchet (Packed) |
| 30:44 | Research | Conscription |
| 30:45 | Research | Conscription |
| 30:49 | Research | Squires |
| 31:15 | Research | Chemistry |
| 31:48 | Research | Crossbowman (upgrade) |
| 31:52 | Build | Archery Range |
| 32:34 | Research | Thumb Ring |
| 32:36 | Create | Archer |
| 32:36 | Create | Archer |
| 32:37 | Create | Archer |
| 32:40 | Create | Villager (Male) |
| 32:40 | Create | Villager (Male) |
| 32:40 | Create | Villager (Male) |
| 32:41 | Create | Villager (Male) |
| 32:41 | Create | Villager (Male) |
| 32:48 | Create | Archer |
| 32:49 | Create | Archer |
| 32:49 | Create | Archer |
| 32:49 | Create | Archer |
| 33:18 | Create | Shotel Warrior |
| 33:19 | Create | Shotel Warrior |
| 33:19 | Create | Shotel Warrior |
| 33:19 | Create | Shotel Warrior |
| 33:20 | Create | Shotel Warrior |
| 33:29 | Build | Farm |
| 33:30 | Build | Farm |
| 33:33 | Build | Farm |
| 33:34 | Build | Farm |
| 33:38 | Create | Villager (Male) |
| 33:38 | Create | Villager (Male) |
| 34:37 | Build | Mining Camp |
| 34:38 | Create | Villager (Male) |
| 34:39 | Create | Villager (Male) |
| 34:39 | Create | Villager (Male) |
| 34:43 | Build | Lumber Camp |
| 34:50 | Build | House |
| 34:52 | Build | House |
| 34:54 | Build | House |
| 34:55 | Build | House |
| 34:58 | Build | House |
| 35:14 | Create | Archer |
| 35:15 | Create | Archer |
| 35:15 | Create | Archer |
| 36:00 | Create | Archer |
| 36:00 | Create | Archer |
| 36:00 | Create | Archer |
Build order — jimothius
First 150 of 467 actions detected
| 0:05 | Create | Villager (Male) |
| 0:05 | Create | Villager (Male) |
| 0:05 | Create | Villager (Male) |
| 0:05 | Create | Villager (Male) |
| 0:06 | Create | Villager (Male) |
| 0:07 | Build | House |
| 0:08 | Build | House |
| 1:40 | Create | Villager (Male) |
| 2:06 | Create | Villager (Male) |
| 2:31 | Create | Villager (Male) |
| 2:31 | Create | Villager (Male) |
| 2:59 | Create | Villager (Male) |
| 3:13 | Create | Villager (Male) |
| 3:45 | Build | House |
| 3:49 | Build | Lumber Camp |
| 3:52 | Create | Villager (Male) |
| 3:53 | Create | Villager (Male) |
| 4:22 | Create | Villager (Male) |
| 4:22 | Create | Villager (Male) |
| 5:04 | Create | Villager (Male) |
| 5:04 | Create | Villager (Male) |
| 5:19 | Build | Mill |
| 5:34 | Create | Villager (Male) |
| 5:34 | Create | Villager (Male) |
| 6:13 | Build | House |
| 6:40 | Create | Villager (Male) |
| 7:12 | Research | Loom |
| 7:37 | Create | Villager (Male) |
| 7:37 | Create | Villager (Male) |
| 8:24 | Create | Villager (Male) |
| 8:45 | Create | Villager (Male) |
| 9:12 | Build | Mining Camp |
| 9:29 | Research | Feudal Age |
| 9:40 | Build | Lumber Camp |
| 10:02 | Build | Farm |
| 10:05 | Build | Farm |
| 10:07 | Create | Villager (Male) |
| 10:07 | Create | Villager (Male) |
| 10:16 | Build | Farm |
| 10:31 | Build | House |
| 10:33 | Build | House |
| 10:35 | Build | House |
| 10:35 | Build | House |
| 10:35 | Build | House |
| 10:35 | Build | House |
| 11:48 | Build | Stone Wall |
| 11:52 | Build | Gate |
| 12:09 | Build | Farm |
| 12:20 | Build | Market |
| 12:25 | Create | Villager (Male) |
| 12:25 | Create | Villager (Male) |
| 12:47 | Build | Blacksmith |
| 12:58 | Build | Farm |
| 13:08 | Create | Villager (Male) |
| 13:26 | Build | Farm |
| 13:39 | Create | Villager (Male) |
| 13:39 | Create | Villager (Male) |
| 13:50 | Build | Farm |
| 14:00 | Build | Farm |
| 14:00 | Build | Farm |
| 14:25 | Build | Barracks |
| 14:34 | Create | Villager (Male) |
| 14:40 | Build | Farm |
| 15:00 | Create | Villager (Male) |
| 15:06 | Build | Farm |
| 15:15 | Build | Lumber Camp |
| 15:24 | Build | House |
| 15:26 | Build | House |
| 15:41 | Create | Villager (Male) |
| 16:03 | Research | Castle Age |
| 16:17 | Build | Mining Camp |
| 16:20 | Create | Villager (Male) |
| 16:20 | Create | Villager (Male) |
| 16:51 | Create | Spearman |
| 16:51 | Create | Spearman |
| 17:20 | Research | Horse Collar |
| 17:27 | Build | Farm |
| 17:27 | Build | Farm |
| 17:27 | Build | Farm |
| 17:27 | Build | Farm |
| 17:34 | Research | Double-Bit Axe |
| 17:47 | Build | Lumber Camp |
| 18:11 | Build | Stone Wall |
| 18:14 | Build | Gate |
| 18:57 | Research | Wheelbarrow |
| 19:07 | Build | Town Center |
| 19:18 | Build | Barracks |
| 19:42 | Create | Villager (Male) |
| 19:51 | Create | Villager (Male) |
| 20:31 | Create | Villager (Male) |
| 20:31 | Create | Villager (Male) |
| 20:39 | Build | Barracks |
| 20:55 | Build | Siege Workshop |
| 20:59 | Create | Villager (Male) |
| 20:59 | Create | Villager (Male) |
| 20:59 | Create | Villager (Male) |
| 20:59 | Create | Villager (Male) |
| 21:04 | Build | Farm |
| 21:22 | Build | Town Center |
| 21:36 | Research | Pikeman (upgrade) |
| 21:41 | Create | Spearman ×4 |
| 21:46 | Create | Villager (Male) |
| 21:46 | Create | Villager (Male) |
| 22:25 | Create | Villager (Male) |
| 22:25 | Create | Villager (Male) |
| 22:31 | Build | Farm |
| 22:32 | Create | Villager (Male) |
| 22:32 | Create | Villager (Male) |
| 22:33 | Create | Villager (Male) |
| 22:39 | Build | Farm |
| 22:41 | Build | Farm |
| 22:41 | Build | Farm |
| 22:46 | Create | Villager (Male) |
| 22:47 | Create | Villager (Male) |
| 22:51 | Create | Villager (Male) |
| 23:04 | Build | Farm |
| 23:23 | Build | Farm |
| 23:23 | Create | Spearman ×5 |
| 23:23 | Create | Spearman |
| 23:32 | Build | House |
| 23:34 | Build | House |
| 23:35 | Build | House |
| 23:36 | Build | House |
| 23:46 | Research | Forging |
| 24:09 | Create | Villager (Male) |
| 24:09 | Create | Villager (Male) |
| 24:09 | Create | Villager (Male) |
| 24:20 | Research | Scale Mail Armor |
| 24:39 | Build | Farm |
| 24:39 | Build | Farm |
| 24:50 | Create | Villager (Male) |
| 24:50 | Create | Villager (Male) |
| 24:50 | Create | Villager (Male) |
| 24:50 | Create | Villager (Male) |
| 24:50 | Create | Villager (Male) |
| 24:50 | Create | Villager (Male) |
| 24:53 | Build | Farm |
| 24:53 | Build | Farm |
| 24:53 | Build | Farm |
| 24:53 | Build | Farm |
| 24:53 | Build | Farm |
| 24:53 | Build | Farm |
| 24:53 | Build | Farm |
| 25:16 | Build | Farm |
| 25:16 | Build | Farm |
| 25:16 | Build | Farm |
| 25:22 | Create | Villager (Male) |
| 25:22 | Create | Villager (Male) |
| 25:22 | Create | Villager (Male) |
| 25:23 | Create | Villager (Male) |
Match timeline
| 10:31 | rexsana1 · first_building Barracks |
| 11:38 | rexsana1 · wall_segment Palisade Wall x12 |
| 11:41 | rexsana1 · wall_segment Palisade Wall x7 |
| 11:48 | jimothius · wall_segment Stone Wall x14 |
| 13:20 | rexsana1 · first_building Stable |
| 14:25 | jimothius · first_building Barracks |
| 17:15 | rexsana1 · first_market_buy 100 wood |
| 17:26 | pepe · first_building Castle |
| 18:02 | pepe · first_building Barracks |
| 18:11 | jimothius · wall_segment Stone Wall x18 |
| 18:18 | pepe · wall_segment Palisade Wall x1 |
| 19:41 | pepe · first_building Siege Workshop |
| 20:28 | jimbo · first_building Castle |
| 20:55 | jimothius · first_building Siege Workshop |
| 21:14 | jimbo · first_building Barracks |
| 21:58 | rexsana1 · first_market_sell 100 wood |
| 22:33 | jimbo · first_building Siege Workshop |
| 22:55 | jimbo · first_building Stable |
| 23:09 | pepe · first_market_sell 500 stone |
| 24:28 | pepe · first_building Monastery |
| 24:51 | pepe · first_market_buy 100 food |
| 25:34 | jimbo · first_building Monastery |
| 26:05 | rexsana1 · first_building Archery Range |
| 27:10 | rexsana1 · first_building Castle |
| 27:51 | jimbo · first_market_sell 500 wood |
| 28:55 | jimothius · first_building Castle |
| 29:00 | jimothius · first_building Monastery |
| 29:41 | pepe · first_building Archery Range |
| 31:38 | jimothius · first_building Archery Range |
| 36:05 | jimothius · first_market_sell 500 stone |
| 40:06 | rexsana1 · resign |
[ AI ANALYSIS · 1 CREDIT ]
What really happened in this match?
Wolo.gg analyzes every decision: build order, eco, micro, common mistakes by bracket. Personalized analysis on WhatsApp or Discord in 30 seconds.
Civ guide
Huns
Map guide
Amazon Tunnel
Perfil
Jugador #25307280